 Dungeon Crawl Stone Soup version 0.27-a0-262-gc50aac273e (webtiles) character file.

Game seed: 14573530632462177733

16 kae the Ruffian (level 2, -1/23 HPs)
             Began as a Draconian Transmuter on Feb 4, 2021.
             Slain by a gnoll
             ... wielding a +2 halberd of freezing
              (3 damage)
             ... on level 1 of the Dungeon.
             The game lasted 00:00:13 (560 turns).

kae the Ruffian (Draconian Transmuter)               Turns: 560, Time: 00:00:13

Health: -1/23      AC:  4    Str: 12    XL:     2   Next: 41%
Magic:  4/5        EV: 12    Int: 13    God:
Gold:   34         SH:  0    Dex: 11    Spells: 4/5 levels left

rFire    . . .     SeeInvis .     - Unarmed
rCold    . . .     Faith    .   (no shield)
rNeg     . . .     Spirit   .   (armour unavailable)
rPois    .         Reflect  .   (helmet currently unavailable)
rElec    .         Harm     .   (no cloak)
rCorr    .         Rampage  .   (no gloves)
Will     .....                  (boots currently unavailable)
Stlth    +.........             (no amulet)
HPRegen  0.07/turn              (no ring)
MPRegen  0.09/turn              (no ring)

@: appendages, hasted and slowed
A: unfitting armour, horns 2, talons 2, cold-blooded, AC +4
a: End Transformation


You were on level 1 of the Dungeon.
You had grown temporary horns.
You had grown temporary talons.
You visited 1 branch of the dungeon, and saw 1 of its levels.

You collected 34 gold pieces.

Inventory:

Scrolls
 a - a scroll of teleportation {unknown}
 c - 3 scrolls of identify {unknown}


   Skills:
 + Level 1.4 Fighting
 + Level 2.0 Dodging
 * Level 3.2 Unarmed Combat
 + Level 2.1 Spellcasting
 + Level 2.2 Transmutations


You had 4 spell levels left.
You knew the following spells:

 Your Spells              Type           Power        Failure   Level
a - Beastly Appendage     Tmut           14%          11%         1

Your spell library contained the following spells:

 Spells                   Type           Power        Failure   Level
 Wereblood                Tmut           7%           16%         2
 Spider Form              Tmut/Pois      2%           43%         3
 Ice Form                 Ice/Tmut       4%           85%         4
 Blade Hands              Tmut           3%           96%         5


Dungeon Overview and Level Annotations

Branches:
Dungeon (1/15)

Altars:


Innate Abilities, Weirdness & Mutations

Your plain brown scales are hard. (AC +4)
You cannot fit into any form of body armour.
You are cold-blooded and may be slowed by cold attacks.
You have a pair of horns on your head.
You have razor-sharp toenails.


Message History

There are monsters nearby!
You closely miss the rat. Your kick misses the rat. You headbutt the rat.
You kill the rat!
The gnoll misses you.
The gnoll hits you with a +2 halberd of freezing!
Ouch! That really hurt!
You feel yourself slow down. The gnoll freezes you!
* * * LOW HITPOINT WARNING * * *
You are too injured to fight recklessly!
You are too injured to fight recklessly!
You are too injured to fight recklessly!
You are too injured to fight recklessly!
It was a potion of haste.
You feel yourself speed up.
You feel yourself speed up. The gnoll misses you.
It was a potion of curing.
You feel better.
The gnoll hits you with a +2 halberd of freezing!
* * * LOW HITPOINT WARNING * * *
You feel yourself slow down. The gnoll freezes you.
You die...

######............#
######............# ##
.......)........####≈#
..≈...≈†........##≈≈≈
....≈..)....##..#≈≈#
.≈.≈........##..#≈≈##
#)....########>..≈≈≈##
..##### #.#.≈≈..## ..#
#..@≈≈...# ..#
#..g≈≈..≈# ###
#(...≈..≈# #.≈.≈≈.≈.#
#....≈≈≈.# ..≈.≈≈..≈#
###≈≈≈≈..≈# #≈.≈≈.≈.#


You could see a gnoll.

Vanquished Creatures
  A dart slug (D:1)
  2 goblins (D:1)
  5 hobgoblins (D:1)
  A bat (D:1)
  A frilled lizard (D:1)
  A kobold (D:1)
  3 rats (D:1)
14 creatures vanquished.

Notes
Turn   | Place    | Note
-------+----------+-------------------------------------------
     0 | D:1      | kae the Draconian Transmuter began the quest for the Orb.
     0 | D:1      | Reached XP level 1. HP: 16/16 MP: 3/3
   284 | D:1      | Reached XP level 2. HP: 23/23 MP: 3/5
   560 | D:1      | Slain by a gnoll

Illustrated notes

Levels and vault maps discovered:
D:1:      eino_arrival_water_cross, layout_basic, serial_rivers,
          chequers_serial_rivers_room_b, chequers_serial_rivers_small_3,
          chequers_serial_rivers_micro_c, chequers_serial_rivers_micro_c,
          chequers_serial_rivers_large_b, chequers_serial_rivers_room_b

Skill      XL: |  1  2 |
---------------+-------+-----
Dodging        | 2 |  2.0
Fighting       | |  1.4
Unarmed Combat | |  3.2
Spellcasting   | |  2.1
Transmutations | |  2.2

Action                   || total
-------------------------++-------
Melee: Unarmed           ||    36
       Kick              ||     4
       Tailslap          ||     4
       Headbutt          ||     5
 Cast: Beastly Appendage ||    11
  Use: Potion            ||     2
Armor: Skin              ||     9
Dodge: Dodged            ||    30

Table legend: (Time is in decaauts)
 A = Elapsed time spent in this place.
 B = Non-inter-level travel time spent in this place.
 C = Inter-level travel time spent in this place.
 D = Time resting spent in this place.
 E = Time spent auto-exploring this place.
 F = Levels seen in this place.
 G = Mean time per level.
                   A        B        C        D        E       F      G
               +--------+--------+--------+--------+--------+-----+--------+
         Total |    561 |    561 |      0 |      0 |    463 |   1 |  561.0 |
       Dungeon |    561 |    561 |      0 |      0 |    463 |   1 |  561.0 |
               +--------+--------+--------+--------+--------+-----+--------+

Top non-repeatable levels by time:
     D:1: 561 daAuts
